 Dungeon Crawl Stone Soup version 0.28-a0-119-ga52ba8600a (webtiles) character file.

Game seed: 8386198384289073669

207 Ezendos the Skirmisher (level 5, 0/37 HPs)
             Began as an Octopode Fighter on Aug 13, 2021.
             Slain by a gnoll (6 damage)
             ... on level 4 of the Dungeon.
             The game lasted 00:06:49 (4117 turns).

Ezendos the Skirmisher (Octopode Fighter)           Turns: 4117, Time: 00:06:50

Health: 0/37       AC:  1    Str: 15    XL:     5   Next: 85%
Magic:  5/5        EV: 11    Int: 12    God:
Gold:   69         SH:  8    Dex: 11    Spells: 4/4 levels left

rFire   . . .      SeeInvis .   a - +1 long sword
rCold   . . .      Faith    .   b - +0 kite shield
rNeg    . . .      Spirit   .   (helmet restricted)
rPois   .          Reflect  .   (no amulet)
rElec   .          Harm     .   (no ring)
rCorr   .          Rampage  .   (no ring)
Will    .....                   (no ring)
Stlth   +++.......              (no ring)
HPRegen 0.12/turn               (no ring)
MPRegen 0.09/turn               (no ring)
                                (no ring)
                                (no ring)

@: no status effects
A: almost no armour, amphibious, 8 rings, camouflage 1, gelatinous body 1,
(nimble swimmer 1), tentacles
a: no special abilities


You were on level 4 of the Dungeon.
You visited 1 branch of the dungeon, and saw 4 of its levels.

You collected 69 gold pieces.

Inventory:

Hand Weapons
 a - a +1 long sword (weapon)
Missiles
 i - 98 stones (quivered)
Armour
 b - a +0 kite shield (worn)
Scrolls
 f - a scroll of enchant weapon
 m - a scroll of silence
Potions
 c - 2 potions of might
 d - a potion of lignification
 g - a potion of resistance {unknown}
 k - a potion of brilliance
 l - 2 potions of curing


   Skills:
 * Level 4.1 Fighting
 * Level 3.8 Long Blades
 - Level 3.2 Dodging
 - Level 3.0 Stealth
 + Level 3.6 Shields


You had 4 spell levels left.
You didn't know any spells.
Your spell library contained the following spells:

 Spells                   Type           Power      Damage    Failure   Level
 Magic Dart               Conj           0%         1d3       82%         1
 Searing Ray              Conj           0%         3d3       91%         2
 Fulminant Prism          Conj/Hex       0%         3d6       100%        4


Dungeon Overview and Level Annotations

Branches:
Dungeon (4/15)
 Temple: D:4-7

Altars:

Shops:
D:3 (   D:4 [


Innate Abilities, Weirdness & Mutations

You cannot wear most types of armour.
You are amphibious.
You can wear up to eight rings at the same time.
Your skin changes colour to match your surroundings (Stealth+).
Your rubbery body absorbs attacks. (AC +1, EV +1)
((You are camouflaged near water. (Stealth+)))
You have tentacles for arms and can constrict up to eight enemies at once.


Message History

You block the scorpion's attack. You block the goblin's attack.
The scorpion closely misses you.
You hit the scorpion. You grab the scorpion.
The scorpion is heavily wounded.
You constrict the scorpion, but do no damage.
The scorpion stings you. The goblin hits you with a +0 dagger.
You barely miss the scorpion.
The scorpion is heavily wounded.
You constrict the scorpion. The scorpion barely misses you.
The goblin barely misses you.
You riposte.
You barely miss the goblin. You grab the goblin. The hobgoblin hits you.
The scorpion misses you. The hobgoblin closely misses you.
You riposte.
You hit the hobgoblin. You grab the hobgoblin.
The hobgoblin is almost dead.
The goblin hits you with a +0 dagger.
You hit the scorpion.
You kill the scorpion!
You constrict the goblin.
You constrict the hobgoblin, but do no damage.
You block the goblin's attack. The hobgoblin hits you.
You block the hobgoblin's attack. The goblin hits you but does no damage.
Your Fighting skill increases to level 4!
You hit the hobgoblin.
You kill the hobgoblin!
You constrict the goblin.
You kill the goblin!
You start resting.
A gnoll opens the door.
It is wielding a +0 halberd.
Things that are here:
a +0 dagger; a goblin corpse You see here a scorpion corpse.
You closely miss the gnoll. Your grab misses the gnoll.
The gnoll hits you with a +0 halberd!
You are too injured to fight recklessly!
You hit the gnoll. Your grab misses the gnoll.
The gnoll is lightly wounded.
The gnoll hits you with a +0 halberd!
* * * LOW HITPOINT WARNING * * *
The gnoll hits you with a +0 halberd.
You die...

#". #..# #####
#..####...#
#..##..).#
#..##.†@.#
#..#....g#
#..######..
#...)oo......
#..###J........
#..# ...#...
#..# ..J...
#..# .......
#..# ##... .#


You could see a gnoll and an endoplasm (wandering).

Vanquished Creatures
  A scorpion (D:4)
  A hound (D:3)
  2 adders
  An ufetubus (D:4)
  3 dart slugs
  2 worms (D:2)
  4 orcs
  14 ball pythons
  5 endoplasms
  4 giant cockroaches
  2 goblins
  10 hobgoblins
  5 jackals
  4 kobolds
  2 quokkas (D:1)
  7 bats
  3 frilled lizards
  5 rats
75 creatures vanquished.

Notes
Turn   | Place    | Note
-------+----------+-------------------------------------------
     0 | D:1      | Ezendos the Octopode Fighter began the quest for the Orb.
     0 | D:1      | Reached XP level 1. HP: 16/16 MP: 1/1
   166 | D:1      | Reached XP level 2. HP: 17/21 MP: 2/2
   227 | D:1      | Reached skill level 1 in Stealth
   761 | D:1      | Reached XP level 3. HP: 21/26 MP: 3/3
   862 | D:1      | Found a faded altar of an unknown god.
  1857 | D:2      | Reached XP level 4. HP: 27/31 MP: 4/4
  2369 | D:3      | You fall into a shaft and drop 1 floor!
  2431 | D:4      | Noticed a scorpion
  2867 | D:3      | Found Beoph's Weapon Shoppe.
  2900 | D:3      | Reached XP level 5. HP: 29/36 MP: 5/5
  4042 | D:4      | Found Zyelahu's Armour Shop.
  4047 | D:4      | Reached skill level 4 in Fighting
  4117 | D:4      | Slain by a gnoll

Illustrated notes

Levels and vault maps discovered:
D:1:      minmay_arrival_nine_rooms, layout_basic,
          hellmonk_ecumenical_altar_crossroads
D:2:      layout_basic, solitary_fountain, grunt_ministairs_1
D:3:      layout_basic, serial_shops, shop_fountains, serial_corexii_hall,
          chequers_hall_statues_y, chequers_hall_statues_corner_a, st_stairs_2
D:4:      layout_cave_pools, serial_shops, shop, gammafunk_ghost_smash,
          minmay_pentangle, uniq_menkaure, uniq_duvessa, uniq_robin

Skill      XL: |  1  2  3  4  5 |
---------------+----------------+-----
Stealth        | 1 3 |  3.0
Long Blades    | 3 |  3.8
Fighting       | 4 |  4.1
Dodging        | |  3.2
Shields        | |  3.6

Action                   |  1- 3 |  4- 6 || total
-------------------------+-------+-------++-------
Melee: Long sword        |    72 |    50 ||   122
       Tentacles         |    14 |     8 ||    22
       Constrict         |    21 |    13 ||    34
Throw: Stone             |     3 |     2 ||     5
  Use: Scroll            |     1 |     7 ||     8
       Potion            |       |     1 ||     1
 Stab: Sleeping          |    11 |     7 ||    18
Armor: Skin              |     9 |     3 ||    12
Dodge: Dodged            |    38 |    24 ||    62
Block: Kite shield       |    34 |    20 ||    54
       Rpst.: Long sword |    11 |     8 ||    19

Table legend: (Time is in decaauts)
 A = Elapsed time spent in this place.
 B = Non-inter-level travel time spent in this place.
 C = Inter-level travel time spent in this place.
 D = Time resting spent in this place.
 E = Time spent auto-exploring this place.
 F = Levels seen in this place.
 G = Mean time per level.
                   A        B        C        D        E       F      G
               +--------+--------+--------+--------+--------+-----+--------+
         Total |   4182 |   3883 |    299 |    630 |   2549 |   4 | 1045.5 |
       Dungeon |   4182 |   3883 |    299 |    630 |   2549 |   4 | 1045.5 |
               +--------+--------+--------+--------+--------+-----+--------+

Top non-repeatable levels by time:
     D:2: 1707 daAuts
     D:3: 1164 daAuts
     D:1: 1130 daAuts
     D:4: 180 daAuts
